 Dungeon Crawl Stone Soup version 0.23-a0-537-g04293e54a7 (webtiles) character file.

81261 Narretz the Thaumaturge (level 14, -2/118 HPs)
             Began as a Demigod Earth Elementalist on Dec 5, 2018.
             Slain by an air elemental (5 damage)
             ... in a wizard's laboratory on Dec 7, 2018.
             The game lasted 03:16:59 (26798 turns).

Narretz the Thaumaturge (DgEE)                     Turns: 26798, Time: 03:16:59

Health: -2/118     AC:  9    Str: 14    XL:     14   Next: 86%
Magic:  18/34      EV: 14    Int: 25    God:
Gold:   480        SH: 15    Dex: 18    Spells: 11/36 levels left

rFire    . . .     SeeInvis .   v - +6 demon trident (flame)
rCold    . . .     Gourm    .   f - +2 buckler of the Friends {*Drain MR+ Str+3}
rNeg     . . .     Faith    .   k - +2 troll leather armour {Snorg}
rPois    .         Spirit   .   w - +1 hat
rElec    .         Reflect  +   H - +0 cloak
rCorr    .         Harm     .   p - +0 pair of gloves
MR       ++...                  (no boots)
Stlth    +++.......             c - brooch of Shielding {Reflect SH+8}
HPRegen  0.69/turn              X - ring of wizardry
MPRegen  0.24/turn              m - +4 ring of slaying

@: very slightly contaminated, heavily drained
A: high mp 1
a: no special abilities


You were in a wizard's laboratory.
You were not hungry.

You visited 4 branches of the dungeon, and saw 24 of its levels.
You also visited: Volcano and Wizlab.

You collected 2660 gold pieces.
You spent 2180 gold pieces at shops.

Inventory:

Hand Weapons
 v - a +6 demon trident of flaming (weapon)
 x - the +6 rapier of Compound Interest {chaos, rElec}
   (You found it on level 6 of the Lair of Beasts)

   Each time it hits an enemy it has a different, random effect.
   It insulates you from electricity.
 M - the +6 short sword of Recklessness {holy, rN+ MP+9 Str-3}
   (You bought it in a shop on level 8 of the Dungeon)

   It has been blessed by the Shining One to cause great damage to the undead
   and demons.
   It affects your strength (-3).
   It protects you from negative energy.
   It affects your magic capacity (+9).
Missiles
 b - 557 stones
 K - 12 javelins (quivered)
Armour
 f - the +2 buckler of the Friends (worn) {*Drain MR+ Str+3}
   (You bought it in a shop on level 1 of the Orcish Mines)

   It affects your strength (+3).
   It affects your resistance to hostile enchantments.
   It causes draining when unequipped.
 k - a +2 troll leather armour (worn) {Snorg}
 n - a +3 leather armour of fire resistance
 p - a +0 pair of gloves (worn)
 w - a +1 hat (worn)
 H - a +0 cloak (worn)
Magical Staves
 Q - an uncursed staff of fire
Jewellery
 a - an uncursed ring of protection from fire
 c - the brooch of Shielding (around neck) {Reflect SH+8}
   (You bought it in a shop on level 2 of the Orcish Mines)

   [amulet of reflection]

   It shields you and reflects attacks.
   It affects your SH (+8).
 m - a +4 ring of slaying (right hand)
 A - an uncursed amulet of regeneration
 R - a +3 ring of intelligence
 X - a ring of wizardry (left hand)
 Z - an uncursed ring of ice
Wands
 j - a wand of clouds (3)
 q - a wand of scattershot (8)
 J - a wand of acid (9)
 O - a wand of flame (70)
 P - a wand of iceblast (17)
Scrolls
 u - 2 scrolls of vulnerability
 y - 6 scrolls of teleportation
 z - 2 scrolls of immolation {unknown}
 B - 2 scrolls of blinking {unknown}
 F - a scroll of acquirement {unknown}
 G - 3 scrolls of magic mapping
 U - 3 scrolls of fog
 V - 5 scrolls of fear
 W - a scroll of torment {unknown}
Potions
 e - 2 potions of brilliance {unknown}
 g - 2 potions of haste
 h - 10 potions of curing
 l - 5 potions of cancellation
 o - a potion of resistance {unknown}
 s - 6 potions of heal wounds
 t - a potion of mutation {unknown}
 D - 3 potions of might
 E - 6 potions of ambrosia
 N - 6 potions of berserk rage
 S - 4 potions of flight
 Y - 2 potions of agility {unknown}
Comestibles
 d - 28 rations


   Skills:
 + Level 9.1(7.4) Fighting
 - Level 2.4(1.0) Short Blades
   Level 1.0(0.0) Maces & Flails
 + Level 8.9(7.2) Polearms
 + Level 4.0(2.6) Throwing
 + Level 3.7(2.3) Armour
 + Level 5.2(3.7) Dodging
 + Level 6.7(5.2) Stealth
 + Level 5.0(3.6) Shields
 + Level 11.9(10.2) Spellcasting
 + Level 7.3(5.8) Conjurations
 + Level 1.4(0.1) Hexes
 + Level 3.4(2.0) Translocations
 + Level 0.8(0.0) Transmutations
 + Level 3.8(2.4) Air Magic
 - Level 10.2(8.5) Earth Magic
 + Level 3.2(1.9) Poison Magic
 + Level 2.0(0.6) Evocations


You had 11 spell levels left.
You knew the following spells:

 Your Spells              Type           Power        Failure   Level  Hunger
a - Sandblast             Erth           ######       1%          1    None
b - Passwall              Tmut/Erth      ####....     1%          2    None
c - Stone Arrow           Conj/Erth      #####.       1%          3    None
d - Blink                 Tloc           N/A          1%          2    None
e - Lee's Rapid Deconstr  Erth           ######....   2%          5    ####...
f - Mephitic Cloud        Conj/Pois/Air  ####....     1%          3    None
g - Leda's Liquefaction   Hex/Erth       ####......   4%          4    None
h - Apportation           Tloc           ###...       1%          1    None
i - Corona                Hex            ##.....      2%          1    None
j - Conjure Flame         Conj/Fire      ####....     2%          3    None

Your spell library contained the following spells:

 Spells                   Type           Power        Failure   Level  Hunger
 Magic Dart               Conj           ####         1%          1    None
 Animate Skeleton         Necr           N/A          2%          1    None
 Confusing Touch          Hex            ##....       2%          1    None
 Summon Small Mammal      Summ           ##..         2%          1    None
 Slow                     Hex            ##......     3%          2    None
 Call Imp                 Summ           ##......     4%          2    None
 Portal Projectile        Hex/Tloc       ###...       4%          3    None
 Petrify                  Tmut/Erth      ####....     4%          4    None
 Call Canine Familiar     Summ           ##......     8%          3    None
 Inner Flame              Hex/Fire       ##......     8%          3    None
 Summon Guardian Golem    Hex/Summ       ##......     8%          3    None
 Summon Lightning Spire   Summ/Air       ###.....     16%         4    None
 Cause Fear               Hex            ##........   24%         4    None
 Summon Ice Beast         Ice/Summ       ##......     26%         4    None


Dungeon Overview and Level Annotations

Branches:
Dungeon (15/15)            Temple (0/1) D:6            Lair (6/6) D:11
 Shoals (0/4) Lair:4        Snake (0/4) Lair:4        Slime (0/5) Lair:5
    Orc (2/2) D:12            Elf (1/3) Orc:2        Vaults (0/5) D:13
 Depths: D:15

Shops:
D:8 ((*!   Orc:1 [[   Orc:2 *=[(

Annotations:
D:10 exclusion: downstairs
D:11 Erolcha
Lair:4 Rupert
Lair:5 1 runed door, exclusion: oklob plant
Orc:1 Saint Roka


Innate Abilities, Weirdness & Mutations

You have an increased reservoir of magic. (+10% MP)


Message History

The wind drake flaps its wings at you.
The air twists around and violently strikes you in flight!
A shock serpent comes into view.
You hear an angry hiss.
The winds around the air elemental start to calm down.
The spark wasp is engulfed in noxious fumes.
The spark wasp appears confused.
You block the air elemental's attack. x2
You are engulfed in raging winds.
The air elemental hits you.
A shock serpent comes into view.
The air elemental hits you!
* * * LOW HITPOINT WARNING * * *
You block the wind drake's attack.
The blizzard demon waves its arms in wide circles.
The air twists around and violently strikes you in flight!
* * * LOW HITPOINT WARNING * * *
There is a portal leading out of this place here.
You float gracefully downwards.
The air elemental hits you!
* * * LOW HITPOINT WARNING * * *
The air elemental hits you.
You die...

# ##+## ##.
##...## §...
##.§..§##
§§...#.§...§§#
§§.S#'2@§∩§∩§+
§...k#k§E....#
... ##.2S†§##
§ ##§..##
##y## ...
....E ##.§y§§
≈≈##§§.§§


You could see a death drake, 2 blizzard demons, 2 spark wasps, a wind drake, 2
shock serpents and 2 air elementals.

Vanquished Creatures
  2 orc warlords (Orc:1)
  An ettin (Orc:2)
  Snorg (D:13)
  8 vault guards (D:13)
  4 hydras
  A spriggan air mage (WizLab)
  2 centaur warriors
  6 two-headed ogres
  9 death yaks
  Urug (D:10)
  2 orc high priests
  An unseen horror (D:14)
  3 orc knights (Orc:2)
  An ugly thing (Volcano)
  7 orc sorcerers
  A wolf spider (Lair:6)
  2 manticores
  2 deep elf magi
  2 cyclopes
  A guardian serpent (Lair:6)
  7 black mambas
  Joseph (D:8)
  A torpor snail (Lair:6)
  A smoke demon (Volcano)
  A gargoyle (D:14)
  A spiny frog (shapeshifter) (D:13)
  A freezing wraith (D:14)
  A rime drake (Lair:6)
  18 spiny frogs
  A yaktaur (D:13)
  4 komodo dragons
  2 red devils (Volcano)
  8 trolls
  A wind drake (WizLab)
  4 hornets
  4 dream sheep (Lair:6)
  14 blink frogs
  6 slime creatures (D:13)
  11 hippogriffs
  5 wraiths
  2 redbacks (Lair:6)
  An air elemental (WizLab)
  2 basilisks
  36 yaks
  10 wyverns
  A human (D:7)
  A steam dragon (D:9)
  2 fire elementals
  4 hogs (D:7)
  3 hungry ghosts
  4 vampire mosquitoes (D:14)
  Grum (D:9)
  2 nagas (Lair:4)
  5 wargs
  An acid dragon (D:14)
  22 water moccasins
  2 hell hounds (Volcano)
  9 porcupines
  6 sky beasts
  2 phantoms
  An eye of draining (D:9)
  4 ice beasts
  38 orc warriors
  12 ogres
  7 wolves
  2 centaurs
  13 crocodiles
  4 big kobolds
  17 bullfrogs
  3 scorpions
  12 killer bees
  3 howler monkeys (D:5)
  5 electric eels
  9 crimson imps
  5 jellies
  2 lava snakes (Lair:4)
  5 centaur zombies
  3 bullfrog zombies
  6 hounds
  37 orc wizards
  19 orc priests
  2 bullfrog skeletons
  7 centaur skeletons
  Crazy Yiuf (D:4)
  4 iguanas
  Ijyb (D:4)
  10 worker ants
  A worker ant zombie (D:11)
  2 howler monkey zombies (D:6)
  9 adders
  A shadow imp (D:5)
  2 adder skeletons
  3 worms
  3 dart slugs
  6 leopard geckos
  91 orcs
  A ball python (D:1)
  3 giant cockroaches
  10 goblins
  3 hobgoblins (D:1)
  21 jackals
  3 quokkas
  8 bats
  6 frilled lizards
  25 kobolds
  A leopard gecko zombie (D:8)
  A quokka zombie (D:6)
  11 rats
  2 fungi (Lair:6)
  2 plants
712 creatures vanquished.

Vanquished Creatures (others)
  An orc warrior (Orc:1)
  2 orcs
  A kobold (D:9)
  A bush (Lair:6)
  12 fungi
  24 plants
41 creatures vanquished.

Grand Total: 753 creatures vanquished

Notes
Turn   | Place    | Note
-------+----------+-------------------------------------------
     0 | D:1      | Narretz the Demigod Earth Elementalist began the quest for
                  | the Orb.
     0 | D:1      | Reached XP level 1. HP: 14/14 MP: 5/5
   375 | D:1      | Reached XP level 2. HP: 14/20 MP: 4/7
   691 | D:1      | Reached skill level 2 in Spellcasting
  1105 | D:2      | Learned a level 2 spell: Passwall
  1190 | D:2      | Reached XP level 3. HP: 14/26 MP: 5/8
  1377 | D:2      | Reached XP level 4. HP: 32/34 MP: 3/10
  1382 | D:2      | Reached skill level 1 in Fighting
  1511 | D:2      | Learned a level 3 spell: Stone Arrow
  1702 | D:2      | You fall through a shaft!
  1808 | D:3      | Noticed a phantom
  2555 | D:3      | Reached skill level 3 in Spellcasting
  2555 | D:3      | Reached XP level 5. HP: 40/40 MP: 8/12
  2714 | D:3      | Killed a phantom
  2714 | D:3      | Reached skill level 1 in Maces & Flails
  3208 | D:4      | Reached XP level 6. HP: 31/48 MP: 6/14
  3690 | D:4      | Got a distressingly furry robe
  3701 | D:4      | Identified the +1 robe "Apoawkaj" {-Cast rF++ Regen+ Str+6}
                  | (You found it on level 4 of the Dungeon)
  3717 | D:4      | -Cast on the robe is just taunting me for messing up the
                  | previous Demigod
  4017 | D:4      | Reached skill level 1 in Conjurations
  4168 | D:4      | Found a runed door.
  4172 | D:4      | Noticed Crazy Yiuf
  4172 | D:4      | Noticed Ijyb
  4174 | D:4      | Killed Ijyb
  4174 | D:4      | Reached XP level 7. HP: 23/56 MP: 8/16
  4176 | D:4      | Killed Crazy Yiuf
  4382 | D:5      | Entered Level 5 of the Dungeon
  4486 | D:5      | Reached skill level 4 in Spellcasting
  4626 | D:5      | Reached skill level 1 in Short Blades
  4626 | D:5      | Reached skill level 5 in Earth Magic
  5048 | D:5      | Reached XP level 8. HP: 48/63 MP: 9/18
  5275 | D:5      | Noticed a moth of wrath
  5278 | D:5      | Found a bloodstained altar of Trog.
  5634 | D:6      | Found Zin's Purification Station.
  5637 | D:6      | Found a glowing silver altar of Zin.
  5677 | D:6      | Bought a potion of curing for 90 gold pieces
  6245 | D:6      | Found a staircase to the Ecumenical Temple.
  6324 | D:6      | Reached skill level 5 in Spellcasting
  6671 | D:7      | Reached XP level 9. HP: 63/71 MP: 1/20
  6731 | D:7      | Learned a level 2 spell: Blink
  6737 | D:7      | Learned a level 5 spell: Lee's Rapid Deconstruction
  6741 | D:7      | Learned a level 3 spell: Mephitic Cloud
  7091 | D:7      | Reached skill level 6 in Spellcasting
  7091 | D:7      | Reached skill level 1 in Evocations
  7488 | D:7      | Reached skill level 1 in Throwing
  7645 | D:8      | Found Zeten's Distillery.
  7654 | D:8      | Bought 2 potions of heal wounds for 120 gold pieces
  7962 | D:8      | Noticed a two-headed ogre
  7965 | D:8      | Found Tocigaj's Antique Weapon Emporium.
  7973 | D:8      | Bought a sapphire short sword for 200 gold pieces
  7973 | D:8      | Identified the +6 short sword of Recklessness {holy, rN+
                  | MP+9 Str-3} (You bought it in a shop on level 8 of the
                  | Dungeon)
  7996 | D:8      | Reached skill level 5 in Fighting
  8039 | D:8      | Noticed a two-headed ogre
  8045 | D:8      | Killed a two-headed ogre
  8054 | D:8      | Noticed Joseph
  8066 | D:8      | Killed Joseph
  8066 | D:8      | Reached XP level 10. HP: 61/81 MP: 8/23
  8177 | D:8      | Found Pijexed's Assorted Antiques.
  8269 | D:8      | Found Gaonyd's Antique Weapon Boutique.
  8635 | D:8      | Killed a two-headed ogre
  8925 | D:9      | Reached skill level 1 in Air Magic
  8952 | D:9      | Noticed Grum
  9245 | D:9      | Noticed a two-headed ogre
  9257 | D:10     | Entered Level 10 of the Dungeon
  9409 | D:9      | Reached skill level 7 in Spellcasting
  9455 | D:9      | Reached skill level 1 in Poison Magic
  9455 | D:9      | Killed Grum
  9472 | D:9      | Killed a two-headed ogre
  9661 | D:9      | Reached skill level 5 in Stealth
 10218 | D:10     | Noticed Urug
 10231 | D:10     | Killed Urug
 10272 | D:10     | Reached XP level 11. HP: 28/91 MP: 19/26
 10613 | D:11     | Noticed a two-headed ogre
 10711 | D:11     | Learned a level 4 spell: Leda's Liquefaction
 10852 | D:11     | Found a staircase to the Lair.
 10883 | D:11     | Reached skill level 8 in Spellcasting
 10883 | D:11     | Reached skill level 5 in Conjurations
 10965 | D:11     | Noticed Erolcha
 11075 | D:11     | Killed a two-headed ogre
 11265 | D:11     | Reached skill level 1 in Translocations
 11899 | D:12     | Noticed a two-headed ogre
 11905 | D:12     | Killed a two-headed ogre
 12123 | D:12     | Found a staircase to the Orcish Mines.
 12151 | D:12     | Noticed a death yak
 12151 | D:12     | Noticed a death yak
 12151 | D:12     | Noticed a death yak
 12151 | D:12     | Noticed a death yak
 12170 | D:12     | Killed a death yak
 12174 | D:12     | Killed a death yak
 12176 | D:12     | Killed a death yak
 12182 | D:12     | Reached skill level 9 in Spellcasting
 12386 | D:12     | Killed a death yak
 12809 | D:12     | Upgraded the game from 0.23-a0-516-g0f8c2457b6 to
                  | 0.23-a0-517-gb7c078159a
 12859 | Lair:1   | Entered Level 1 of the Lair of Beasts
 13008 | Lair:1   | Noticed a six-headed hydra
 13040 | Lair:1   | Learned a level 1 spell: Apportation
 13066 | Lair:1   | Killed a six-headed hydra
 13066 | Lair:1   | Reached XP level 12. HP: 101/101 MP: 24/29
 13660 | Lair:2   | Got a dazzling scale mail
 13677 | Lair:1   | Identified the +3 scale mail of Deotruce {rElec rF+} (You
                  | found it on level 2 of the Lair of Beasts)
 14610 | Lair:3   | Reached skill level 1 in Armour
 14799 | Lair:3   | Found a dark tunnel.
 14824 | Volcano  | Entered a volcano
 14892 | Volcano  | Reached skill level 10 in Earth Magic
 14915 | Volcano  | Reached skill level 10 in Spellcasting
 15346 | Lair:3   | Noticed a seven-headed hydra
 15349 | Lair:3   | Killed a seven-headed hydra
 15811 | Lair:4   | Noticed Rupert
 15923 | Lair:4   | Learned a level 1 spell: Corona
 15952 | Lair:4   | Reached skill level 1 in Polearms
 16180 | Lair:4   | Reached skill level 1 in Hexes
 16364 | Lair:4   | Found a staircase to the Shoals.
 16389 | Lair:4   | Noticed a catoblepas
 16545 | Lair:1   | Learned a level 3 spell: Conjure Flame
 16865 | D:13     | Noticed a centaur warrior
 16868 | D:13     | Killed a centaur warrior
 17004 | D:13     | Noticed Snorg
 17167 | D:13     | Reached XP level 13. HP: 88/111 MP: 26/32
 17679 | D:13     | Killed Snorg
 17830 | D:13     | Found a gate to the Vaults.
 18215 | D:13     | Reached skill level 11 in Spellcasting
 18745 | Orc:1    | Entered Level 1 of the Orcish Mines
 18745 | Orc:1    | Found Luuhutto's Armour Shoppe.
 18802 | D:12     | Upgraded the game from 0.23-a0-517-gb7c078159a to
                  | 0.23-a0-537-g04293e54a7
 18960 | D:12     | Reached skill level 5 in Polearms
 19197 | Orc:1    | Bought the +2 buckler of the Friends {*Drain MR+ Str+3} for
                  | 389 gold pieces
 19327 | Orc:1    | Found Wuphos's Armour Shop.
 19439 | Orc:2    | Entered Level 2 of the Orcish Mines
 19439 | Orc:2    | Noticed an orc warlord
 19689 | Lair:4   | Found a staircase to the Snake Pit.
 20489 | Lair:5   | Found a runed door.
 20489 | Lair:5   | Found a viscous altar of Jiyva.
 20490 | Lair:5   | Found a staircase to the Slime Pits.
 20607 | Lair:5   | You fall through a shaft!
 20607 | Lair:6   | Entered Level 6 of the Lair of Beasts
 20614 | Lair:6   | Reached skill level 1 in Shields
 20814 | Lair:6   | Got a steaming ring mail
 20842 | Lair:5   | Identified the cursed +1 ring mail "Ruvish" {Str+2} (You
                  | found it on level 6 of the Lair of Beasts)
 21770 | Lair:6   | Got a crystal rapier
 21771 | Lair:6   | Identified the +6 rapier of Compound Interest {chaos,
                  | rElec} (You found it on level 6 of the Lair of Beasts)
 22145 | Lair:6   | Reached XP level 14. HP: 81/118 MP: 25/34
 23690 | Orc:1    | Killed an orc warlord
 24001 | Orc:2    | Reached skill level 5 in Dodging
 24015 | Orc:2    | Noticed Saint Roka
 24052 | Orc:2    | Noticed an orc warlord
 24109 | Orc:1    | Killed an orc warlord
 24653 | Orc:2    | Found a staircase to the Elven Halls.
 25615 | D:15     | Entered Level 15 of the Dungeon
 25880 | Orc:2    | Reached skill level 5 in Shields
 26004 | Orc:2    | Found a roughly hewn altar of Beogh.
 26335 | Orc:2    | Found Nedwozon's Jewellery Shop.
 26354 | Orc:2    | Found Voklut's General Store.
 26384 | Orc:2    | Bought the brooch of Shielding {Reflect SH+8} for 1381 gold
                  | pieces
 26384 | Orc:2    | Found the brooch of Shielding {Reflect SH+8}
 26562 | Orc:2    | Found Laestreurgh's Antique Weapon Shop.
 26577 | Orc:2    | Found Iplicrysh's Antique Armour Shop.
 26750 | Elf:1    | Entered Level 1 of the Elven Halls
 26750 | Elf:1    | Found a magical portal.
 26780 | WizLab   | Entered The Chambers of the Cloud Mage
 26798 | WizLab   | HP: 3/118 [air elemental (8)]
 26798 | WizLab   | Slain by an air elemental

Vault maps used:
D:1:      matt_arrival_diagonals, minmay_cupped
D:3:      first_ration
D:4:      uniq_crazy_yiuf_cottage, uniq_ijyb
D:5:      tgw_trog
D:6:      zin_purify, minmay_temple_entry_poolview
D:7:      grunt_livestock, grunt_ministairs_6
D:8:      serial_shops, shop, nicolae_shop_waterfront, kennysheep_little_box,
          shop, uniq_joseph
D:9:      uniq_grum
D:10:     uniq_urug
D:11:     david_lair_shrubbed, uniq_erolcha
D:12:     argonaut_augean_stables, hiddenorc1_lemuel, corexii_corridor_pit
D:13:     erik_vaults_2, uniq_snorg
D:14:     minivault_24
D:15:     hangedman_depths_entry_civil_slaughter, roderic_serpentine_path,
          grunt_decor_cap, fedhas_altar_3
Lair:1:   chequers_serial_rivers_marsh
Lair:2:   serial_bayou_crossing
Lair:3:   nicolae_volcano_entry_s_turn, cheibrodos_lair_caveside_slide,
          guppyfry_lair_drakes, lemuel_fruit_tree
Lair:4:   shoals_dummy_entry, guppyfry_snake_entry_island, grunt_megastairs_3,
          uniq_rupert
Lair:5:   slime_altar_2, serial_bayou_lagoon_a, lemuel_fruit_fields,
          minmay_lair_oklob_chamber
Lair:6:   hangedman_lair_tendril_chambers, patterned_corridor
Orc:1:    serial_shops, shop, nicolae_shop_waterfront
Orc:2:    grunt_orc_cross
Elf:1:    serial_shops, shop, lightli_enter_wizlab_magi_temple,
          hangedman_elf_disciples
Volcano:  volcano_pools
WizLab:   wizlab_cloud

Skill      XL: |  1  2  3  4  5  6  7  8  9 10 11 12 13 14 |
---------------+-------------------------------------------+-----
Earth Magic    | 3 4 5 6 7 8 9 10 | 10.2
Dodging        | 2 3 4 5 |  5.2
Spellcasting   | 2 3 4 5 6 7 9 10 11 | 11.9
Stealth        | 2 3 4 5 6 |  6.7
Fighting       | 1 2 3 5 6 8 9 |  9.1
Maces & Flails | 1 |  1.0
Conjurations   | 1 2 3 4 5 6 7 |  7.3
Short Blades   | 1 2 |  2.4
Evocations     | 1 2 |  2.0
Throwing       | 1 2 3 4 |  4.0
Air Magic      | 1 2 3 |  3.8
Poison Magic   | 1 2 3 |  3.2
Translocations | 1 2 3 |  3.4
Armour         | 2 3 |  3.7
Polearms       | 2 6 8 |  8.9
Hexes          | 1 |  1.4
Shields        | 2 5 |  5.0
Transmutations | |  0.8

Action                   |  1- 3 |  4- 6 |  7- 9 | 10-12 | 13-15 || total
-------------------------+-------+-------+-------+-------+-------++-------
Melee: Dagger            |    41 |     3 |   171 |       |       ||   215
       Whip              |    16 |    55 |       |       |       ||    71
       Rapier            |       |     6 |    38 |       |       ||    44
       Short sword       |       |       |     4 |   149 |       ||   153
       Demon trident     |       |       |       |    28 |   520 ||   548
Throw: Tomahawk          |       |       |     5 |    26 |       ||    31
       Javelin           |       |       |       |    18 |    64 ||    82
 Cast: Sandblast         |    46 |    52 |    35 |   124 |   108 ||   365
       Stone Arrow       |       |    35 |   109 |   148 |   189 ||   481
       Mephitic Cloud    |       |       |     6 |    57 |    62 ||   125
       Blink             |       |       |     2 |     8 |    50 ||    60
       Lee's Rapid Decon |       |       |     1 |    41 |    26 ||    68
       Corona            |       |       |       |     1 |       ||     1
       Leda's Liquefacti |       |       |       |     1 |       ||     1
       Conjure Flame     |       |       |       |       |     2 ||     2
Evoke: Wand              |       |     1 |     8 |     1 |    18 ||    28
  Use: Scroll            |       |     5 |     3 |    12 |    15 ||    35
       Potion            |       |       |       |       |     3 ||     3
 Stab: Sleeping          |     3 |     2 |     6 |     2 |    11 ||    24
       Confused          |       |       |       |     9 |    12 ||    21
       Distracted        |       |       |       |       |     2 ||     2
  Eat: Chunk             |     2 |     8 |    14 |    14 |    21 ||    59
       Ration            |       |     1 |     1 |     6 |     4 ||    12
Armor: Robe              |    18 |     5 |    52 |     7 |       ||    82
       Troll leather arm |       |       |       |    23 |   102 ||   125
       Scale mail        |       |       |       |     1 |       ||     1
Dodge: Dodged            |    64 |    59 |   156 |   145 |   312 ||   736
Block: Buckler           |       |       |       |       |   134 ||   134

Table legend:
 A = Non-vault XP
 B = Vault XP
 C = Vault XP percentage of total XP
 D = Non-vault monster count
 E = Vault monster count
 F = Vault count percentage of total count
                 A         B        C        D         E       F
            +---------+---------+-------+---------+---------+-------
      Total |   78399 |   37689 |  32.5 |     554 |     156 |  22.0
            +---------+---------+-------+---------+---------+-------
        D:1 |      30 |       7 |  18.9 |      18 |       3 |  14.3
        D:2 |     151 |       0 |   0.0 |      28 |       0 |   0.0
        D:3 |     233 |       0 |   0.0 |      25 |       0 |   0.0
        D:4 |     438 |      72 |  14.1 |      15 |       2 |  11.8
        D:5 |    1097 |       9 |   0.8 |      24 |       5 |  17.2
        D:6 |     801 |      97 |  10.8 |      33 |       1 |   2.9
        D:7 |    1349 |     809 |  37.5 |      25 |      11 |  30.6
        D:8 |    2290 |     466 |  16.9 |      15 |       1 |   6.2
        D:9 |    2988 |     511 |  14.6 |      40 |       4 |   9.1
       D:10 |     997 |     807 |  44.7 |      17 |       1 |   5.6
       D:11 |    3831 |     338 |   8.1 |      22 |       1 |   4.3
       D:12 |    5040 |    4824 |  48.9 |      42 |      29 |  40.8
       D:13 |    6003 |    8925 |  59.8 |      21 |       9 |  30.0
       D:14 |    7729 |       0 |   0.0 |      25 |       0 |   0.0
       D:15 |     969 |       0 |   0.0 |       3 |       0 |   0.0
     Lair:1 |    3260 |       0 |   0.0 |      15 |       0 |   0.0
     Lair:2 |    3988 |       0 |   0.0 |      17 |       0 |   0.0
     Lair:3 |    2934 |     302 |   9.3 |      10 |       3 |  23.1
     Lair:4 |    5902 |     864 |  12.8 |      31 |       5 |  13.9
     Lair:5 |    1864 |       0 |   0.0 |      14 |       0 |   0.0
     Lair:6 |   14450 |    9420 |  39.5 |      39 |      34 |  46.6
      Orc:1 |    6961 |       0 |   0.0 |      40 |       0 |   0.0
      Orc:2 |    5094 |    6323 |  55.4 |      35 |      37 |  51.4
    Volcano |       0 |    2498 | 100.0 |       0 |       7 | 100.0
     WizLab |       0 |    1417 | 100.0 |       0 |       3 | 100.0
            +---------+---------+-------+---------+---------+-------
